 Dungeon Crawl Stone Soup version 0.22.0-75-g3901e79 (webtiles) character file.

359 Stepladder the Ducker (level 6, -1/48 HPs)
             Began as a Merfolk Gladiator on Sept 15, 2018.
             Slain by Grinder (5 damage)
             ... on level 3 of the Dungeon.
             The game lasted 00:13:21 (2910 turns).

Stepladder the Ducker (Merfolk Gladiator)           Turns: 2910, Time: 00:13:22

Health: -1/48      AC:  7    Str: 17    XL:     6   Next: 65%
Magic:  6/6        EV: 14    Int:  7    God:
Gold:   95         SH:  0    Dex: 15    Spells: 5/5 levels left

rFire    . . .     SeeInvis .   a - +0 long sword
rCold    . . .     Gourm    .   (no shield)
rNeg     . . .     Faith    .   p - +0 ring mail
rPois    .         Spirit   .   c - +1 helmet
rElec    .         Reflect  .   (no cloak)
rCorr    .         Harm     .   (no gloves)
MR       .....                  (no boots)
Stlth    ++........             (no amulet)
HPRegen  0.16/turn              (no ring)
MPRegen  0.10/turn              (no ring)

@: no status effects
A: change form in water, swift swim, stealthy swim
a: no special abilities


You were on level 3 of the Dungeon.
You were not hungry.

You visited 1 branch of the dungeon, and saw 3 of its levels.

You collected 95 gold pieces.

Inventory:

Hand Weapons
 a - a +0 long sword (weapon)
 m - a +6 spear
 s - a +0 hunting sling
Missiles
 d - 2 throwing nets
 g - 8 curare-tipped needles
 l - 122 stones (quivered)
 o - 6 needles of sleeping
Armour
 c - a +1 helmet (worn)
 p - a +0 ring mail (worn)
Jewellery
 b - an uncursed amulet of harm {unknown}
Scrolls
 k - a scroll of fear
Potions
 i - a potion of mutation
 n - a potion of flight
Comestibles
 f - 6 rations


   Skills:
 + Level 4.0 Fighting
 + Level 4.8 Long Blades
 - Level 2.0 Throwing
 + Level 6.0 Dodging
 + Level 3.4 Stealth


You had 5 spell levels left.
You didn't know any spells.
Your spell library was empty.

Dungeon Overview and Level Annotations

Branches:
Dungeon (3/15)

Altars:
Elyvilon
Hepliaklqana
Uskayaw
Yredelemnul

Annotations:
D:3 Grinder


Message History

You feel better. Grinder closely misses you.
You barely miss Grinder.
Grinder is severely wounded.
Grinder misses you.
You hit Grinder.
Grinder is severely wounded.
Grinder gestures at you.
You barely resist. You hit Grinder.
Grinder is severely wounded.
Grinder hits you!
* * * LOW HITPOINT WARNING * * *
You writhe in agony.
* * * LOW HITPOINT WARNING * * *
You hit Grinder but do no damage.
Grinder is severely wounded.
Grinder hits you.
* * * LOW HITPOINT WARNING * * *
You writhe in agony.
You die...

.........#
#.#########...#
#.....# #)# ##>##
#... #.....#
#.##8...8# ...
#.#.#.# #.##.....#
S..
#.#.#.#####.#8.....8#
..#
#.#.........##.....##
#......#.##.##8...8#
#####.#..5.<##.....##
###.@####_....._#
#.<# #.....# #..#
#8...8# #..# ##_## #
#..##############..
#..................
##.#######.....####
##.## #####.#
#...######## #.#


You could see Grinder.

Vanquished Creatures
  Sigmund (D:2)
  4 adders
  6 gnolls
  A worm (D:2)
  2 dart slugs (D:1)
  3 leopard geckos (D:1)
  5 orcs (D:2)
  6 bats
  4 giant cockroaches
  13 goblins
  4 hobgoblins
  15 jackals
  A frilled lizard (D:1)
  9 kobolds
  8 rats
82 creatures vanquished.

Notes
Turn   | Place    | Note
-------+----------+-------------------------------------------
     0 | D:1      | Stepladder the Merfolk Gladiator began the quest for the
                  | Orb.
     0 | D:1      | Reached XP level 1. HP: 16/16 MP: 1/1
    70 | D:1      | Reached XP level 2. HP: 22/22 MP: 2/2
   358 | D:1      | Reached skill level 1 in Stealth
   382 | D:1      | Reached XP level 3. HP: 28/28 MP: 3/3
   953 | D:1      | Reached skill level 5 in Dodging
   953 | D:1      | Reached XP level 4. HP: 28/34 MP: 4/4
  1623 | D:2      | Reached XP level 5. HP: 41/41 MP: 5/5
  1752 | D:2      | Noticed Sigmund
  1965 | D:3      | Noticed Grinder
  2229 | D:3      | Paralysed by Grinder for 7 turns
  2574 | D:2      | Killed Sigmund
  2574 | D:2      | Reached skill level 6 in Dodging
  2574 | D:2      | Reached XP level 6. HP: 41/48 MP: 6/6
  2609 | D:2      | Found a hide-covered altar of Uskayaw.
  2798 | D:3      | Found a basalt altar of Yredelemnul.
  2799 | D:3      | Found a hazy altar of Hepliaklqana.
  2803 | D:3      | Found a white marble altar of Elyvilon.
  2888 | D:3      | Paralysed by Grinder for 4 turns
  2899 | D:3      | Paralysed by Grinder for 7 turns
  2910 | D:3      | Slain by Grinder

Skill      XL: |  1  2  3  4  5 |
---------------+----------------+-----
Stealth        | 1 2 3 |  3.4
Dodging        | 5 6 |  6.0
Fighting       | 3 4 |  4.0
Long Blades    | 4 |  4.8
Throwing       | |  2.0

Action                   |  1- 3 |  4- 6 || total
-------------------------+-------+-------++-------
Melee: Long sword        |    85 |   139 ||   224
Throw: Throwing net      |     1 |     1 ||     2
  Use: Scroll            |       |     8 ||     8
       Potion            |       |     2 ||     2
 Stab: Sleeping          |     1 |     1 ||     2
  Eat: Chunk             |       |     7 ||     7
Armor: Leather armour    |    10 |       ||    10
       Ring mail         |    12 |    57 ||    69
Dodge: Dodged            |    85 |   136 ||   221
       Rpst.: Long sword |    32 |    53 ||    85
